 Dungeon Crawl Stone Soup version 0.24.0-35-gdb84b6a5db (webtiles) character file.

Game seed: 3248940294101045263, levelgen mode: deterministic

110 Elektrikar the Charmwright (level 4, -14/38 HPs)
             Began as a Gnoll Skald on Nov 20, 2019.
             Killed from afar by Ijyb (17 damage)
             ... with an iceblast
             ... on level 3 of the Dungeon.
             The game lasted 00:17:56 (2839 turns).

Elektrikar the Charmwright (Gnoll Skald)            Turns: 2839, Time: 00:17:56

Health: -14/38     AC:  6    Str: 14    XL:     4   Next: 91%
Magic:  8/11       EV: 13    Int: 16    God:
Gold:   100        SH:  0    Dex: 14    Spells: 7/13 levels left

rFire    . . .     SeeInvis .   a - +0 falchion
rCold    . . .     Gourm    .   (no shield)
rNeg     . . .     Faith    .   e - +0 ring mail
rPois    .         Spirit   .   (no helmet)
rElec    .         Reflect  .   (no cloak)
rCorr    .         Harm     .   k - +0 pair of gloves
MR       .....                  (no boots)
Stlth    +.........             (no amulet)
HPRegen  0.12/turn              (no ring)
MPRegen  0.12/turn              (no ring)

@: no status effects
A: distributed training, fangs 1, strong nose
a: no special abilities


You were on level 3 of the Dungeon.
You were hungry.

You visited 1 branch of the dungeon, and saw 3 of its levels.

You collected 100 gold pieces.

Inventory:

Hand Weapons
 a - a +0 falchion (weapon)
 h - a +0 hunting sling
Missiles
 i - 50 stones (quivered)
 l - 15 bolts
Armour
 b - a +0 leather armour
 c - a +0 scale mail
 e - a +0 ring mail (worn)
 j - a cursed +0 robe
 k - a +0 pair of gloves (worn)
Scrolls
 m - a scroll of identify {unknown}
 n - a scroll of amnesia {unknown}
Potions
 f - a potion of heal wounds {unknown}
 g - a potion of agility
Comestibles
 d - 3 rations


   Skills:
 + Level 4.7 Fighting
 + Level 1.2 Short Blades
 + Level 4.7 Long Blades
 + Level 1.2 Axes
 + Level 1.2 Maces & Flails
 + Level 1.2 Polearms
 + Level 1.2 Staves
 + Level 1.2 Slings
 + Level 1.2 Bows
 + Level 1.2 Crossbows
 + Level 1.2 Throwing
 + Level 2.8 Armour
 + Level 4.7 Dodging
 + Level 1.2 Stealth
 + Level 1.2 Shields
 + Level 1.2 Unarmed Combat
 + Level 5.1 Spellcasting
 + Level 1.0 Conjurations
 + Level 1.0 Hexes
 + Level 5.5 Charms
 + Level 1.0 Summonings
 + Level 1.0 Necromancy
 + Level 1.0 Translocations
 + Level 1.0 Transmutations
 + Level 1.0 Fire Magic
 + Level 1.0 Ice Magic
 + Level 1.0 Air Magic
 + Level 1.0 Earth Magic
 + Level 1.0 Poison Magic
 + Level 1.4 Invocations
 + Level 1.2 Evocations


You had 7 spell levels left.
You knew the following spells:

 Your Spells              Type           Power        Failure   Level  Hunger
a - Infusion              Chrm           ###.         3%          1    None
b - Spectral Weapon       Hex/Chrm       ##......     24%         3    ###....
c - Song of Slaying       Chrm           ###.....     4%          2    #......

Your spell library contained the following spells:

 Spells                   Type           Power        Failure   Level  Hunger
 Shroud of Golubria       Chrm/Tloc      ##....       12%         2    #......
 Regeneration             Chrm/Necr      ##........   24%         3    ###....


Dungeon Overview and Level Annotations

Branches:
Dungeon (3/15)

Altars:

Annotations:
D:3 Ijyb


Innate Abilities, Weirdness & Mutations

Your experience applies equally to all skills.
You have very sharp teeth.
Your uncanny sense of smell can sniff out nearby items.


Message History

You completely miss the quokka. Ijyb misses you. The quokka bites you.
* * * LOW HITPOINT WARNING * * *
Found a short sword.
Casting: Infusion (safe; 3% risk of failure)
Confirm with . or Enter, or press ? or * to list all spells.
You draw out your weapon's spirit!
You are feeling hungry.
The quokka barely misses you. Ijyb misses you.
You riposte.
You closely miss Ijyb.
Ijyb is moderately wounded.
Ijyb barely misses your spectral weapon.
The quokka barely misses your spectral weapon.
An adder comes into view.
Ijyb zaps a wand.
The mass of ice explodes!
The iceblast engulfs your spectral weapon!!
Your spectral weapon partially resists.
Your spectral weapon shares its damage with you!
Your spectral weapon fades away.
The iceblast engulfs you!
You die...

..# ###)# ### ..#.#
#.. #.#.# #.# #.#.#
#.# #.#.# ##.##
#.#.######...#
#.@.rw.......#
S.........g....<..#
.#######.#######.##
#.. #$# #### ∆
#...# ...#... #.##.
.#..# # ## ##.## #
∆


You could see Ijyb, a worm, an adder (wandering) and a quokka.

Vanquished Creatures
  5 adders (D:2)
  2 worms (D:2)
  2 dart slugs (D:1)
  A leopard gecko (D:2)
  A ball python (D:1)
  6 bats
  4 giant cockroaches
  9 goblins
  10 hobgoblins
  3 frilled lizards
  4 kobolds
  7 rats
54 creatures vanquished.

Vanquished Creatures (others)
  A spectral weapon (D:3)
1 creature vanquished.

Grand Total: 55 creatures vanquished

Notes
Turn   | Place    | Note
-------+----------+-------------------------------------------
     0 | D:1      | Elektrikar the Gnoll Skald began the quest for the Orb.
     0 | D:1      | Reached XP level 1. HP: 20/20 MP: 6/6
   230 | D:1      | Reached XP level 2. HP: 21/26 MP: 4/7
   915 | D:1      | Reached XP level 3. HP: 28/31 MP: 9/9
   943 | D:1      | Learned a level 3 spell: Spectral Weapon
  1001 | D:1      | Reached skill level 5 in Spellcasting
  1459 | D:1      | Learned a level 2 spell: Song of Slaying
  1476 | D:2      | Reached skill level 1 in Invocations
  1567 | D:2      | Reached skill level 1 in Short Blades
  1567 | D:2      | Reached skill level 1 in Axes
  1567 | D:2      | Reached skill level 1 in Maces & Flails
  1567 | D:2      | Reached skill level 1 in Polearms
  1567 | D:2      | Reached skill level 1 in Staves
  1567 | D:2      | Reached skill level 1 in Slings
  1567 | D:2      | Reached skill level 1 in Bows
  1567 | D:2      | Reached skill level 1 in Crossbows
  1567 | D:2      | Reached skill level 1 in Throwing
  1567 | D:2      | Reached skill level 1 in Stealth
  1567 | D:2      | Reached skill level 1 in Shields
  1567 | D:2      | Reached skill level 1 in Unarmed Combat
  1567 | D:2      | Reached skill level 1 in Evocations
  1750 | D:2      | Reached XP level 4. HP: 38/38 MP: 11/11
  2555 | D:2      | Reached skill level 1 in Conjurations
  2555 | D:2      | Reached skill level 1 in Hexes
  2555 | D:2      | Reached skill level 1 in Summonings
  2555 | D:2      | Reached skill level 1 in Necromancy
  2555 | D:2      | Reached skill level 1 in Translocations
  2555 | D:2      | Reached skill level 1 in Transmutations
  2555 | D:2      | Reached skill level 1 in Fire Magic
  2555 | D:2      | Reached skill level 1 in Ice Magic
  2555 | D:2      | Reached skill level 1 in Air Magic
  2555 | D:2      | Reached skill level 1 in Earth Magic
  2555 | D:2      | Reached skill level 1 in Poison Magic
  2796 | D:3      | Noticed Ijyb
  2839 | D:3      | Killed from afar by Ijyb

Levels and vault maps discovered:
D:1:      eino_arrival_cavern_e, layout_loops_ring
D:2:      minmay_chambers_of_twos, layout_loops_ring
D:3:      layout_loops_ring, minmay_cut_off, uniq_ijyb

Skill      XL: |  1  2  3  4 |
---------------+-------------+-----
Spellcasting   | 5 |  5.1
Invocations    | 1 |  1.4
Short Blades   | 1 |  1.2
Axes           | 1 |  1.2
Maces & Flails | 1 |  1.2
Polearms       | 1 |  1.2
Staves         | 1 |  1.2
Slings         | 1 |  1.2
Bows           | 1 |  1.2
Crossbows      | 1 |  1.2
Throwing       | 1 |  1.2
Stealth        | 1 |  1.2
Shields        | 1 |  1.2
Unarmed Combat | 1 |  1.2
Evocations     | 1 |  1.2
Conjurations   | 1 |  1.0
Hexes          | 1 |  1.0
Summonings     | 1 |  1.0
Necromancy     | 1 |  1.0
Translocations | 1 |  1.0
Transmutations | 1 |  1.0
Fire Magic     | 1 |  1.0
Ice Magic      | 1 |  1.0
Air Magic      | 1 |  1.0
Earth Magic    | 1 |  1.0
Poison Magic   | 1 |  1.0
Fighting       | |  4.7
Long Blades    | |  4.7
Armour         | |  2.8
Dodging        | |  4.7
Charms         | |  5.5

Action                   |  1- 3 |  4- 6 || total
-------------------------+-------+-------++-------
Melee: Falchion          |   101 |    91 ||   192
       Bite              |     8 |    15 ||    23
 Cast: Infusion          |     2 |     2 ||     4
       Spectral Weapon   |     1 |     1 ||     2
       Song of Slaying   |       |     1 ||     1
  Eat: Chunk             |     2 |     4 ||     6
Armor: Ring mail         |    33 |    32 ||    65
       Leather armour    |     2 |       ||     2
Dodge: Dodged            |    83 |    67 ||   150
       Rpst.: Falchion   |    30 |    20 ||    50
